 Dungeon Crawl Stone Soup version 0.24.1-14-gf8d2b509d9 (webtiles) character file.

Game seed: 11518321566029510720, levelgen mode: deterministic

219 KlarStein the Skirmisher (level 5, -5/42 HPs)
             Began as a Demonspawn Fighter on July 10, 2020.
             Slain by an iguana (8 damage)
             ... on level 4 of the Dungeon.
             The game lasted 00:16:09 (2524 turns).

KlarStein the Skirmisher (Demonspawn Fighter)       Turns: 2524, Time: 00:16:09

Health: -5/42      AC:  9    Str: 15 (17) XL:     5   Next: 64%
Magic:  5/5        EV: 13    Int:  7 (9)  God:
Gold:   98         SH:  9    Dex: 19 (21) Spells: 4/4 levels left

rFire    . . .     SeeInvis .   a - +1 long sword
rCold    + . .     Gourm    .   c - +0 shield
rNeg     . . .     Faith    .   j - +1 ring mail {rC+}
rPois    .         Spirit   .   h - +0 helmet
rElec    .         Reflect  .   (no cloak)
rCorr    .         Harm     .   (no gloves)
MR       .....                  (no boots)
Stlth    ++........             (no amulet)
HPRegen  0.14/turn              e - +3 ring of dexterity
MPRegen  0.09/turn              i - ring of wizardry

@: agile, lethally poisoned (-5 -> -6), flying
A: talons 2, yellow scales 1
a: no special abilities


You were on level 4 of the Dungeon.
You were not hungry.

You visited 1 branch of the dungeon, and saw 4 of its levels.

You collected 98 gold pieces.

Inventory:

Hand Weapons
 a - a +1 long sword (weapon)
 k - a +1 great sword of electrocution
Armour
 b - a +0 scale mail
 c - a +0 shield (worn)
 h - a +0 helmet (worn)
 j - a +1 ring mail of cold resistance (worn)
Jewellery
 d - an uncursed amulet of regeneration {unknown}
 e - a +3 ring of dexterity (left hand)
 i - a ring of wizardry (right hand)
Comestibles
 f - 10 rations


   Skills:
 + Level 3.9 Fighting
 * Level 3.6 Long Blades
 + Level 3.5 Armour
 + Level 3.5 Shields


You had 4 spell levels left.
You didn't know any spells.
Your spell library contained the following spells:

 Spells                   Type           Power        Failure   Level  Hunger
 Summon Small Mammal      Summ           #...         80%         1    ##.....
 Call Imp                 Summ           #.......     90%         2    ###....
 Call Canine Familiar     Summ           #.......     98%         3    ####...
 Summon Guardian Golem    Hex/Summ       #.......     98%         3    ####...
 Summon Ice Beast         Ice/Summ       #.......     100%        4    #####..
 Summon Lightning Spire   Summ/Air       #.......     100%        4    #####..


Dungeon Overview and Level Annotations

Branches:
Dungeon (4/15)
 Temple: D:4-7

Altars:


Innate Abilities, Weirdness & Mutations

You have razor-sharp toenails.
You are partially covered in yellow scales. (AC +2)


Message History

It was a potion of degeneration.
There was something very wrong with that liquid.
You feel weakened.
You feel dopey.
You feel clumsy.
The iguana bites you but does no damage.
It was a potion of magic.
Magic courses through your body. The iguana barely misses you.
It was a potion of flight.
You feel very buoyant.
You fly up into the air.
You feel sick. The iguana bites you.
* * * LOW HITPOINT WARNING * * *
You feel sick.
It was a potion of agility.
You feel agile all of a sudden. The iguana bites you!
* * * LOW HITPOINT WARNING * * *
All of the chunks of flesh in your inventory have rotted away.
You feel sick.
You feel sick. The iguana bites you!
You die...

.# .# # #.. .#
.###.. .##......
......#..##
..###.#...#
......##..#
......##..#########
...............l@.#
...##.....#########
..........# ....
..........# ..≈..
.........†#..≈.≈.
.......(..'.≈!≈!≈
..##......#..≈.≈.
..........#...≈..
..........# .....


You could see an iguana.

Vanquished Creatures
  An orc priest (D:3)
  2 gnolls (D:3)
  9 adders
  2 worms (D:2)
  2 dart slugs (D:1)
  3 leopard geckos
  5 orcs (D:3)
  2 ball pythons (D:3)
  3 giant cockroaches
  8 goblins
  10 hobgoblins
  6 jackals (D:2)
  A quokka (D:3)
  6 bats
  3 frilled lizards
  2 kobolds (D:1)
  9 rats
74 creatures vanquished.

Notes
Turn   | Place    | Note
-------+----------+-------------------------------------------
     0 | D:1      | KlarStein the Demonspawn Fighter began the quest for the
                  | Orb.
     0 | D:1      | Reached XP level 1. HP: 18/18 MP: 1/1
   475 | D:1      | Gained mutation: You have sharp toenails. [demonic
                  | ancestry]
   475 | D:1      | Reached XP level 2. HP: 19/24 MP: 2/2
  1090 | D:2      | Reached XP level 3. HP: 29/29 MP: 3/3
  1304 | D:2      | Gained mutation: You have razor-sharp toenails. [demonic
                  | ancestry]
  1304 | D:2      | Reached XP level 4. HP: 35/35 MP: 4/4
  1833 | D:3      | Found a faded altar of an unknown god.
  1936 | D:3      | Gained mutation: You are partially covered in yellow
                  | scales. (AC +2) [demonic ancestry]
  1936 | D:3      | Reached XP level 5. HP: 42/42 MP: 5/5
  2524 | D:4      | Slain by an iguana

Levels and vault maps discovered:
D:1:      grunt_arrival_crossed_arrows, layout_loops_corners
D:2:      layout_loops_cross
D:3:      layout_basic, chequers_ecumenical_altar_simple_redux
D:4:      layout_basic, kennysheep_generic_room_10

Skill      XL: |  1  2  3  4 |
---------------+-------------+-----
Long Blades    | 2 3 |  3.6
Armour         | 3 |  3.5
Shields        | 3 |  3.5
Fighting       | |  3.9

Action                   |  1- 3 |  4- 6 || total
-------------------------+-------+-------++-------
Melee: Long sword        |    77 |   102 ||   179
       Kick              |    14 |    26 ||    40
  Use: Scroll            |     2 |     7 ||     9
       Potion            |       |     5 ||     5
  Eat: Chunk             |     1 |     4 ||     5
Armor: Scale mail        |    40 |    39 ||    79
       Ring mail         |       |     2 ||     2
Dodge: Dodged            |    20 |    28 ||    48
Block: Shield            |    33 |    44 ||    77
       Rpst.: Long sword |     5 |    13 ||    18
